 Dungeon Crawl Stone Soup version 0.30-a0-292-g0f741e3f8e (webtiles) character file.

Game seed: 16176486046343145212

74 Hubjo the Sneak (level 4, 0/35 HPs)
             Began as a Demonspawn Delver on Oct 18, 2022.
             Succumbed to an adder's poison
             ... on level 5 of the Dungeon.
             The game lasted 00:00:43 (139 turns).

Hubjo the Sneak (Demonspawn Delver)                  Turns: 139, Time: 00:00:44

Health: 0/35       AC:  3    Str: 12    XL:     4   Next: 9%
Magic:  4/4        EV: 12    Int: 14    God:
Gold:   0          SH:  0    Dex: 16    Spells: 3/3 levels left

rFire   . . .      SeeInvis .      - Unarmed
rCold   . . .      Faith    .    (no shield)
rNeg    . . .      Spirit   .    a - +0 leather armour
rPois   .          Reflect  .    (no helmet)
rElec   .          Harm     .    (no cloak)
rCorr   .          Rampage  .    (no gloves)
Will    .....                    (no boots)
Stlth   +++.......               (no amulet)
HPRegen 0.25/turn                (no ring)
MPRegen 0.09/turn                (no ring)

@: lethally poisoned (0 -> -2)
A: big brain 1
a: no special abilities


You were on level 5 of the Dungeon.
You visited 1 branch of the dungeon, and saw 1 of its levels.

Inventory:

Armour
 a - a +0 leather armour (worn)
Wands
 f - a wand of digging (3)
Scrolls
 b - a scroll of fog
 c - a scroll of magic mapping
Potions
 e - a potion of haste


   Skills:
 + Level 3.5 Fighting
 + Level 2.4 Dodging
 + Level 4.9 Stealth
 + Level 2.5 Unarmed Combat


You had 3 spell levels left.
You didn't know any spells.
Your spell library was empty.

Dungeon Overview and Level Annotations

Branches:
Dungeon (5/15)
 Temple: D:4-7

Altars:


Innate Abilities, Weirdness & Mutations

You have an unusually large brain. (Int +2)


Message History

You are too injured to fight recklessly!
You are too injured to fight recklessly!
You are too injured to fight recklessly!
An adder is nearby!
You barely miss the adder.
The adder is severely wounded.
The adder barely misses you.
You hit the adder but do no damage.
The adder is severely wounded.
The adder closely misses you.
You closely miss the adder.
The adder is severely wounded.
The adder misses you.
You barely miss the adder.
The adder is severely wounded.
The adder bites you.
You are poisoned.
The adder poisons you! The adder bites you.
You are lethally poisoned!
The adder poisons you!
You miss the adder.
The adder is severely wounded.
* * * LOW HITPOINT WARNING * * *
You feel very sick. The adder closely misses you.
You hit the adder.
You kill the adder!
* * * LOW HITPOINT WARNING * * *
You feel sick.
You have reached level 4!
You feel clever.
* * * LOW HITPOINT WARNING * * *
You feel sick.
* * * LOW HITPOINT WARNING * * *
You feel sick.
* * * LOW HITPOINT WARNING * * *
You feel sick.
* * * LOW HITPOINT WARNING * * *
You feel sick.
You die...

########.# ##
##......†.# #..
##..########
...######....###
..........†@..#
#........###....#
###.....## ###.##
## ##.....#######
.# #............
.##
##.#########..
#.# ##.## #
#.####.## #
#..#..##


There were no monsters in sight!

Vanquished Creatures
  A scorpion (D:5)
  2 adders (D:5)
3 creatures vanquished.

Notes
Turn   | Place    | Note
-------+----------+-------------------------------------------
     0 | D:5      | Hubjo the Demonspawn Delver began the quest for the Orb.
     0 | D:5      | Reached XP level 1. HP: 18/18 MP: 1/1
    41 | D:5      | Noticed a scorpion
    48 | D:5      | Killed a scorpion
    49 | D:5      | Gained mutation: You have an unusually large brain. (Int
                  | +2) [demonic ancestry]
    49 | D:5      | Reached XP level 2. HP: 19/24 MP: 2/2
    49 | D:5      | Reached XP level 3. HP: 22/29 MP: 3/3
   135 | D:5      | Reached XP level 4. HP: 6/35 MP: 4/4
   138 | D:5      | HP: 1/35 [poisoned by an adder]
   139 | D:5      | Succumbed to an adder's poison

Illustrated notes

Levels and vault maps discovered:
D:5:      layout_layer_cave, nicolae_overflow_two_pavilions, temple_green

Skill      XL: |  1 |
---------------+----+-----
Dodging        | 2 |  2.4
Unarmed Combat | 2 |  2.5
Fighting       | |  3.5
Stealth        | |  4.9

Action                   |  1- 3 |  4- 6 || total
-------------------------+-------+-------++-------
Melee: Unarmed           |    27 |       ||    27
  Use: Scroll            |     3 |       ||     3
 Stab: Distracted        |     1 |       ||     1
Armor: Leather armour    |     4 |       ||     4
Dodge: Dodged            |    20 |       ||    20

Table legend: (Time is in decaauts)
 A = Elapsed time spent in this place.
 B = Non-inter-level travel time spent in this place.
 C = Inter-level travel time spent in this place.
 D = Time resting spent in this place.
 E = Time spent auto-exploring this place.
 F = Levels seen in this place.
 G = Mean time per level.
                   A        B        C        D        E       F      G
               +--------+--------+--------+--------+--------+-----+--------+
         Total |    137 |    137 |      0 |      0 |     85 |   1 |  137.0 |
       Dungeon |    137 |    137 |      0 |      0 |     85 |   1 |  137.0 |
               +--------+--------+--------+--------+--------+-----+--------+

Top non-repeatable levels by time:
     D:5: 137 daAuts
